 Dungeon Crawl Stone Soup version 0.19.4 (webtiles) character file.

53 Gargoyl the Skirmisher (level 3, 0/33 HPs)
             Began as a Ghoul Abyssal Knight on Feb 2, 2017.
             Was a Follower of Lugonu.
             Slain by a hobgoblin
             ... wielding a +0 club
              (4 damage)
             ... on level 2 of the Dungeon.
             The game lasted 00:02:37 (1345 turns).

Gargoyl the Skirmisher (Ghoul Abyssal Knight)       Turns: 1345, Time: 00:02:38

Health: 0/33       AC:  3    Str: 15    XL:     3   Next: 89%
Magic:  3/3        EV:  6    Int:  7    God:    Lugonu [*.....]
Gold:   168        SH: 12    Dex:  9    Spells: 0 memorised, 2 levels left

rFire  . . .     SeeInvis .     a - +2 hand axe
rCold  + . .     Gourm    .     b - +0 leather armour
rNeg   + + +     Faith    .     j - +2 large shield {rN+}
rPois  ∞         Spirit   .     (no helmet)
rElec  .         Reflect  .     (no cloak)
rCorr  .         Harm     .     (no gloves)
MR     .....                    (no boots)
Stlth  +.........               (no amulet)
                                (no ring)
                                (no ring)

@: rotting
A: rotting body, claws 1, carnivore 3, cold resistance 1, negative energy
resistance 3, slow regeneration 1, torment resistance, unbreathing
a: Depart the Abyss, Renounce Religion


You were on level 2 of the Dungeon.
You worshipped Lugonu.
Lugonu was aware of your devotion.
You were not hungry.

You visited 1 branch of the dungeon, and saw 2 of its levels.
You visited the Abyss 1 time.

You collected 168 gold pieces.

Inventory:

Hand Weapons
 a - a +2 hand axe (weapon)
Armour
 b - a +0 leather armour (worn)
 j - a +2 large shield of positive energy (worn)
Scrolls
 g - 4 scrolls of enchant weapon
 l - 2 scrolls of blinking
 m - a scroll of identify
Potions
 e - a potion of heal wounds {unknown}
 i - a potion of agility {unknown}
 k - a potion of curing
Books
 d - a book of Enchantments

   Spells                             Type                      Level
   a - Cause Fear                     Hexes                        4
   b - Yara's Violent Unravelling     Hexes/Transmutation          5
   c - Silence                        Hexes/Air                    5
   d - Deflect Missiles               Charms/Air                   6
   e - Discord                        Hexes                        8
 f - a book of the Earth

   Spells                             Type                      Level
   a - Leda's Liquefaction            Hexes/Earth                  4
   b - Bolt of Magma                  Conjuration/Fire/Earth       5
   c - Statue Form                    Transmutation/Earth          6
   d - Iron Shot                      Conjuration/Earth            6
   e - Shatter                        Earth                        9
Comestibles
 c - 3 meat rations
 h - 3 chunks of flesh


   Skills:
 + Level 3.8 Fighting
 + Level 2.2 Axes
 * Level 2.5 Armour
 + Level 1.1 Dodging
 * Level 2.4 Invocations


You had 2 spell levels left.
You didn't know any spells.

Dungeon Overview and Level Annotations

Branches:
Dungeon (2/15)

Altars:


Innate Abilities, Weirdness & Mutations

Your body is rotting away.
You thrive on raw meat.
You are immune to poison.
You have sharp fingernails.
You are carnivorous and can eat meat at any time.
Your flesh is cold resistant. (rC+)
You are immune to negative energy. (rN+++)
You regenerate slowly when monsters are visible.
You are immune to unholy pain and torment.
You can survive without breathing.


Message History

* * * LOW HITPOINT WARNING * * *
Your shield prevents you from hitting the adder.
The adder is almost dead.
You hit the hobgoblin but do no damage. You block the adder's attack.
You block the hobgoblin's attack. The adder bites you but does no damage.
You closely miss the hobgoblin. You miss the adder. The adder bites you.
* * * LOW HITPOINT WARNING * * *
The hobgoblin hits you with a club.
* * * LOW HITPOINT WARNING * * *
The adder bites you.
* * * LOW HITPOINT WARNING * * *
Unknown command.
It was a potion of curing.
You feel better. You block the hobgoblin's attack. The adder bites you.
* * * LOW HITPOINT WARNING * * *
You hit the adder.
You kill the adder!
Lugonu accepts your kill.
You completely miss the hobgoblin. The hobgoblin hits you with a club.
You die...

#...# # #...# #
#####...###############
........'..............
#####...###############
.......................
...................####
########...#.......#
+.....@....+.......#
###...g....#.......#
+........#.......#
#.....####.......#
#...... #.#####.#
..(.##### ###.. ##.
#### .....


You could see a hobgoblin.

Vanquished Creatures
  An adder (D:2)
  2 dart slugs (D:1)
  2 leopard geckos (D:1)
  3 bats
  3 giant cockroaches (D:1)
  7 goblins
  2 hobgoblins (D:1)
  3 jackals (D:1)
  2 frilled lizards
  5 kobolds
  6 rats
36 creatures vanquished.

Notes
Turn   | Place    | Note
-------+----------+-------------------------------------------
     0 | Abyss:1  | Gargoyl the Ghoul Abyssal Knight began the quest for the Orb.
     0 | Abyss:1  | Reached XP level 1. HP: 19/19 MP: 1/1
     0 | Abyss:1  | Found a corrupted altar of Lugonu.
    82 | Abyss:1  | Noticed a worldbinder
    82 | Abyss:2  | Found a corrupted altar of Lugonu.
   176 | Abyss:2  | Noticed a small abomination
   226 | Abyss:2  | Noticed a wraith
   230 | Abyss:2  | Noticed a spatial vortex
   231 | Abyss:2  | Noticed a flying skull
   231 | Abyss:2  | Noticed a flying skull
   231 | Abyss:2  | Noticed a flying skull
   231 | Abyss:2  | Noticed a spatial vortex
   232 | D:1      | Escaped the Abyss
   300 | D:1      | Reached * piety under Lugonu
   572 | D:1      | Reached XP level 2. HP: 23/26 MP: 2/2
   718 | D:1      | Reached skill level 1 in Dodging
   718 | D:1      | Reached XP level 3. HP: 30/33 MP: 3/3
  1343 | D:2      | HP: 1/33 [adder (2)]
  1345 | D:2      | Slain by a hobgoblin

Skill      XL: |  1  2  3 |
---------------+----------+-----
Armour         | 2 |  2.5
Dodging        | 1 |  1.1
Axes           | 2 |  2.2
Fighting       | |  3.8
Invocations    | |  2.4

Action                   || total
-------------------------++-------
Melee: Hand axe          ||    90
Invok: Depart the Abyss  ||     1
  Use: Scroll            ||     5
       Potion            ||     1
  Eat: Chunk             ||    17
Armor: Leather armour    ||    28
Dodge: Dodged            ||    61
Block: Large shield      ||    23
